 Dungeon Crawl Stone Soup version 0.17.1-3-g152610e (webtiles) character file.

3471 Peloso the Blocker (level 9, -16/81 HPs)
             Began as a Minotaur Fighter on Apr 9, 2016.
             Was an Elder of Okawaru.
             Demolished by an orc knight
             ... wielding a +0 halberd
              (17 damage)
             ... in a bailey.
             The game lasted 00:32:20 (5671 turns).

Peloso the Blocker (Minotaur Fighter)               Turns: 5671, Time: 00:32:20

Health: -16/81     AC: 17    Str: 22    XL:     9   Next: 79%
Magic:  9/9        EV:  4    Int:  5    God:    Okawaru [****..]
Gold:   620        SH: 12    Dex: 12    Spells: 0 memorised, 8 levels left

rFire  + . .     SeeInvis .     a - +0 long sword
rCold  + . .     Clarity  .     m - +0 gold dragon armour
rNeg   . . .     SustAt   .     c - +0 shield
rPois  +         Gourm    .     (helmet restricted)
rElec  .         Spirit   .     (no cloak)
rCorr  .         Warding  .     (no gloves)
rMut   .         Stasis   .     s - +0 pair of boots
MR     .....                    (no amulet)
Stlth  ..........               (no ring)
                                u - ring of loudness (curse)

@: not resistant to hostile enchantments, extremely unstealthy
A: retaliatory headbutt, horns 2
a: Heroism, Renounce Religion


You were in a bailey.
You worshipped Okawaru.
Okawaru was greatly pleased with you.
You were hungry.

You visited 1 branch of the dungeon, and saw 7 of its levels.
You also visited: Ossuary and Bailey.

You collected 620 gold pieces.

Inventory:

Hand Weapons
 a - a +0 long sword (weapon)
 n - a cursed -3 whip
 q - a cursed +0 dagger
Missiles
 t - 5 javelins of penetration (quivered)
Armour
 c - a +0 shield (worn)
 m - a +0 gold dragon armour (worn)
 s - a +0 pair of boots (worn)
Jewellery
 u - a cursed ring of loudness (left hand)
Scrolls
 f - 2 scrolls of recharging
 j - 2 scrolls of amnesia
 v - a scroll of enchant weapon {unknown}
 y - 3 scrolls of teleportation
 B - a scroll of enchant armour {unknown}
Potions
 b - 6 potions of curing
 d - a potion of flight
 k - a potion of lignification {unknown}
 l - 3 potions of invisibility
 o - a potion of magic
 p - 2 potions of brilliance
 w - 2 potions of berserk rage {unknown}
 x - 2 potions of resistance {unknown}
 z - 2 potions of might
 A - a potion of degeneration {unknown}
 C - a potion of haste
 D - a potion of beneficial mutation {unknown}
Comestibles
 e - 5 bread rations
 h - 2 beef jerkies
 i - 3 meat rations
 r - a chunk of flesh


   Skills:
 + Level 8.3 Fighting
 + Level 8.4 Long Blades
 + Level 8.3 Armour
 + Level 2.1 Dodging
 + Level 0.6 Stealth
 + Level 10.2 Shields
 + Level 1.5 Invocations


You had 8 spell levels left.
You didn't know any spells.

Dungeon Overview and Level Annotations

Branches:
Dungeon (8/15)             Temple (0/1) D:4
   Lair: D:8-11

Altars:
Ashenzari
Gozag
Makhleb
Okawaru
Ru
Vehumet
Yredelemnul

Shops:
D:4 (


Innate Abilities, Weirdness & Mutations

You reflexively headbutt those who attack you in melee.
You have a pair of horns on your head.


Message History

You feel much better. You block the orc knight's attack.
Your gold dragon armour prevents you from hitting the orc knight.
Your headbutt misses the orc knight.
The orc knight is almost dead.
The orc knight hits you with a halberd!
* * * LOW HITPOINT WARNING * * *
Read which item? (? for menu, Esc to quit)
Okay, then.
Drink which item? (? for menu, Esc to quit)
Okay, then.
You closely miss the orc knight. You headbutt the orc knight.
The orc knight is almost dead.
You block the orc knight's attack.
You hit the orc knight but do no damage.
Your headbutt misses the orc knight.
The orc knight is almost dead.
Your gold dragon armour prevents you from hitting the orc knight.
The orc knight is almost dead.
The orc knight hits you with a halberd!
You die...

# ####### ############
#########.....## ##........∩.#
.#.....#.......######............
.'.....'......)#@...#.......)....
.)).).)'......)o)...'.......)...∩
.).....'......)#)...#.......))...
.#.....#.......######......)))...
#########.....## ##........∩.# #
####### ############


You could see an orc knight.

Vanquished Creatures
  Pikel (D:4)
  2 orc knights (Bailey)
  Sigmund (D:4)
  Edmund (D:5)
  2 slaves (D:4)
  3 phantoms
  4 orc warriors (Bailey)
  A sky beast (D:5)
  An ogre (D:8)
  The ghost of denis1488 the Conjurer, an amateur DrCj of Yredelemnul (D:3)
  3 centaurs
  A giant frog (D:8)
  A water moccasin zombie (D:5)
  A giant frog zombie (D:6)
  A crimson imp (D:6)
  A centaur zombie (Ossuary)
  3 human zombies (Ossuary)
  2 orc priests (D:6)
  A hound (D:5)
  Jessica (D:3)
  2 orc wizards (D:6)
  An iguana (D:5)
  2 big kobold zombies (Ossuary)
  2 mummies (Ossuary)
  6 gnolls
  7 adders
  2 shadow imps
  An adder zombie (Ossuary)
  An adder skeleton (D:4)
  2 worms
  2 giant geckos
  46 orcs
  A ball python (D:1)
  8 bats
  14 hobgoblins
  19 jackals
  4 quokkas
  3 giant cockroaches
  A giant gecko skeleton (D:5)
  4 giant newts
  7 goblins
  11 hobgoblin zombies (Ossuary)
  8 kobolds
  7 kobold zombies (Ossuary)
  8 orc zombies (Ossuary)
  2 quokka zombies (D:5)
  4 rats (D:3)
  4 rat zombies (Ossuary)
211 creatures vanquished.

Vanquished Creatures (others)
  2 orc wizards (D:6)
  A quokka skeleton (D:5)
3 creatures vanquished.

Grand Total: 214 creatures vanquished

Notes
Turn   | Place    | Note
--------------------------------------------------------------
     0 | D:1      | Peloso the Minotaur Fighter began the quest for the Orb.
     0 | D:1      | Reached XP level 1. HP: 19/19 MP: 0/0
    75 | D:1      | Reached skill level 4 in Fighting
    75 | D:1      | Reached XP level 2. HP: 17/27 MP: 1/1
   431 | D:1      | Reached XP level 3. HP: 22/33 MP: 2/2
   983 | D:2      | Reached skill level 1 in Dodging
  1217 | D:2      | Found a basalt altar of Yredelemnul.
  1218 | D:2      | Found a sacrificial altar of Ru.
  1221 | D:2      | Found an opulent altar of Gozag.
  1247 | D:2      | Found a burning altar of Makhleb.
  1249 | D:2      | Found an iron altar of Okawaru.
  1257 | D:2      | Reached XP level 4. HP: 37/41 MP: 3/3
  1304 | D:2      | Became a worshipper of Warmaster Okawaru
  1659 | D:3      | Noticed Jessica
  1676 | D:3      | Killed Jessica
  1676 | D:3      | Reached XP level 5. HP: 30/47 MP: 4/4
  1743 | D:3      | Noticed denis1488's ghost (amateur DrCj)
  2010 | D:3      | Killed denis1488's ghost
  2010 | D:3      | Reached skill level 5 in Fighting
  2010 | D:3      | Reached skill level 5 in Shields
  2048 | D:3      | Reached XP level 6. HP: 43/56 MP: 5/5
  2112 | D:3      | Found a shattered altar of Ashenzari.
  2619 | D:4      | Noticed Pikel
  2680 | D:4      | Killed Pikel
  2680 | D:4      | Reached * piety under Okawaru
  2680 | D:4      | Reached ** piety under Okawaru
  2680 | D:4      | Reached skill level 5 in Long Blades
  2680 | D:4      | Reached skill level 5 in Armour
  2680 | D:4      | Reached skill level 6 in Shields
  2680 | D:4      | Reached XP level 7. HP: 45/62 MP: 6/6
  2768 | D:4      | Found Kekula's Antique Weapon Emporium.
  2899 | D:4      | Reached skill level 7 in Shields
  2957 | D:4      | Noticed Sigmund
  2965 | D:4      | Killed Sigmund
  2965 | D:4      | Reached XP level 8. HP: 57/70 MP: 7/7
  3148 | D:4      | Found a staircase to the Ecumenical Temple.
  3233 | D:5      | Entered Level 5 of the Dungeon
  3472 | D:5      | Reached *** piety under Okawaru
  3505 | D:5      | Found a radiant altar of Vehumet.
  3708 | D:5      | Found a sand-covered staircase.
  3723 | Ossuary  | Entered an ossuary
  4037 | Ossuary  | Received a gift from Okawaru
  4254 | D:5      | Noticed Edmund
  4290 | D:5      | Killed Edmund
  4290 | D:5      | Reached skill level 8 in Shields
  4542 | D:6      | Reached XP level 9. HP: 52/80 MP: 8/8
  4924 | D:6      | You fall through a shaft for 2 floors!
  4971 | D:8      | Found a flagged portal.
  5079 | D:8      | Reached **** piety under Okawaru
  5079 | D:8      | Received a gift from Okawaru
  5110 | Bailey   | Entered a bailey
  5257 | Bailey   | Reached skill level 9 in Shields
  5488 | Bailey   | Noticed an orc knight
  5536 | Bailey   | Reached skill level 1 in Invocations
  5546 | Bailey   | Killed an orc knight
  5591 | Bailey   | Noticed an orc knight
  5591 | Bailey   | Noticed an orc knight
  5636 | Bailey   | Killed an orc knight
  5636 | Bailey   | Reached skill level 10 in Shields
  5666 | Bailey   | HP: 2/81 [orc knight/halberd (15)]
  5671 | Bailey   | Demolished by an orc knight

Action                   |  1- 3 |  4- 6 |  7- 9 || total
-------------------------+-------+-------+-------++-------
Melee: Long sword        |   101 |   243 |   492 ||   836
Invok: Heroism           |       |       |     5 ||     5
  Use: Potion            |     1 |       |     6 ||     7
       Scroll            |       |     6 |     9 ||    15
  Eat: Chunk             |     1 |     5 |    11 ||    17
